[Event "Titled Tuesday Blitz August 16 Early 2022"]
[White "Sorkin, Igor"]
[Black "Petrovic, Aleksa"]
[WhiteFideId "2803283"]
[BlackFideId "967629"]
[WhiteElo "2401"]
[BlackElo "2262"]
[Result "0-1"]
[Round "02"]
[TimeControl "180+2"]
[Date "2022.08.18"]
[WhiteClock "0:00:00"]
[BlackClock "0:00:00"]

1. d4 Nf6 2. Nf3 e6 3. Bf4 c5 4. e3 Qb6 5. Nc3 a6 6. a3 Nc6 7. Be2 d5 8. O-O Be7 9. Na4 Qa5 10. Nxc5 Bxc5 11. dxc5 Qxc5 12. b4 Qe7 13. c4 O-O 14. Bg5 dxc4 15. Bxc4 h6 16. Bh4 b5 17. Be2 Bb7 18. Qb3 Rfd8 19. Qb2 e5 20. Rfd1 Qe6 21. h3 e4 22. Nd4 Nxd4 23. Rxd4 Bd5 24. Qd2 g5 25. Bg3 Rd7 26. a4 Bc4 27. axb5 Rxd4 28. exd4 Bxe2 29. Qxe2 Qd5 30. bxa6 Qxd4 31. Rb1 Nd5 32. b5 Nc3 33. Qb2 Qc4 34. b6 Nxb1 35. b7 Qxa6 36. bxa8=Q+ Qxa8 37. Qxb1 Qd5 38. Qb2 f5 39. Be5 f4 40. Qd4 Qxd4 41. Bxd4 Kf7 42. f3 exf3 43. gxf3 Kg6 44. h4 Kf5 45. Kg2 g4 0-1


[Site "https://www.chess.com"]

[Event "Titled Tuesday Blitz August 16 Early 2022"]
[White "Stoleriu, George"]
[Black "Puranik, Abhimanyu"]
[WhiteFideId "1227505"]
[BlackFideId "5061245"]
[WhiteElo "2194"]
[BlackElo "2520"]
[Result "0-1"]
[Round "02"]
[TimeControl "180+1"]
[Date "2022.08.16"]
[WhiteClock "0:00:02"]
[BlackClock "0:00:46"]

1. e4 c5 2. Nc3 e6 3. f4 Nc6 4. Nf3 d6 5. Bb5 Ne7 6. d4 cxd4 7. Nxd4 a6 8. Be2 Nxd4 9. Qxd4 Nc6 10. Qf2 Be7 11. O-O b5 12. Be3 Bb7 13. Rad1 O-O 14. Bf3 Qc8 15. Ne2 Na5 16. Nd4 Nc4 17. Bc1 Qc7 18. Kh1 Rac8 19. Qg3 Bf6 20. f5 e5 21. Ne2 Rfe8 22. Nc3 Nb6 23. Bh6 Kh8 24. Be3 b4 25. Ne2 Nc4 26. Bc1 d5 27. Qg4 Nd6 28. Ng3 dxe4 29. Be2 Qe7 30. Nh5 Rxc2 31. Nxf6 gxf6 32. Qh5 Rg8 33. Bh6 e3 34. Rg1 Ne4 35. Bxe3 Rg5 36. Qh4 Rxe2 37. Bf4 0-1


[Site "https://www.chess.com"]

[Event "Titled Tuesday Blitz August 16 Early 2022"]
[White "Subelj, Jan"]
[Black "Kezin, Roman"]
[WhiteFideId "14618583"]
[BlackFideId "24124621"]
[WhiteElo "2331"]
[BlackElo "2551"]
[Result "1-0"]
[Round "02"]
[TimeControl "180+1"]
[Date "2022.08.16"]
[WhiteClock "0:01:26"]
[BlackClock "0:00:10"]

1. Nf3 b6 2. g3 Bb7 3. Bg2 g6 4. O-O Bg7 5. d4 e6 6. Re1 Ne7 7. e4 f5 8. e5 O-O 9. a4 a5 10. Na3 Na6 11. c3 Bc6 12. Nb5 Qc8 13. Bg5 Nd5 14. c4 Ndb4 15. Ra3 Qb7 16. Qd2 Rae8 17. h4 Rf7 18. h5 gxh5 19. Nh4 Bxg2 20. Nxg2 Kh8 21. Nf4 Rg8 22. Nxh5 Qc8 23. Kg2 Qa8+ 24. f3 Nc6 25. Rh1 Nab4 26. Nxg7 Kxg7 27. Bf6+ Kf8 28. Qh6+ Ke8 29. Nxc7# 1-0


[Site "https://www.chess.com"]

[Event "Titled Tuesday Blitz August 16 Early 2022"]
[White "Suder, Jakub"]
[Black "Boros, Denes"]
[WhiteFideId "1195310"]
[BlackFideId "722340"]
[WhiteElo "2095"]
[BlackElo "2464"]
[Result "0-1"]
[Round "02"]
[TimeControl "180+1"]
[Date "2022.08.16"]
[WhiteClock "0:01:35"]
[BlackClock "0:02:10"]

1. d4 e6 2. c4 Nc6 3. Nc3 Bb4 4. Nf3 d5 5. cxd5 exd5 6. Qc2 Bg4 7. e3 Nge7 8. Bd3 Qd7 9. a3 Bxc3+ 10. bxc3 Bxf3 11. gxf3 g6 12. O-O Qh3 13. Qe2 Nf5 14. Bxf5 gxf5 15. Kh1 Rg8 16. Rg1 Rxg1+ 17. Kxg1 O-O-O 0-1


[Site "https://www.chess.com"]

[Event "Titled Tuesday Blitz August 16 Early 2022"]
[White "Tasev, Dejan"]
[Black "Ibarra Jerez, Jose Carlos"]
[WhiteFideId "936618"]
[BlackFideId "2226332"]
[WhiteElo "2253"]
[BlackElo "2628"]
[Result "1/2-1/2"]
[Round "02"]
[TimeControl "180+1"]
[Date "2022.08.16"]
[WhiteClock "0:00:07"]
[BlackClock "0:00:07"]

1. e4 c5 2. Nf3 Nf6 3. Nc3 d5 4. exd5 Nxd5 5. Bc4 e6 6. d3 Be7 7. Bb3 Nxc3 8. bxc3 O-O 9. a4 Nc6 10. O-O b6 11. Qe2 Bb7 12. Bf4 Rc8 13. Rfe1 Bf6 14. Ne5 Re8 15. Nxc6 Bxc6 16. Bd2 Qd7 17. Qg4 Bb7 18. Bc4 Bc6 19. Bb5 Bxb5 20. axb5 c4 21. d4 Qxb5 22. Rxa7 Qb2 23. Qe4 Qb5 24. Qb7 Rf8 25. h3 Qf5 26. Qe4 Qxe4 27. Rxe4 Ra8 28. Rb7 Rfb8 29. Rxb8+ Rxb8 30. Re1 b5 31. Rb1 Kf8 32. Bf4 Rb7 33. Bd6+ Ke8 34. Bb4 Ra7 35. Bc5 Rb7 36. Kf1 Kd7 37. Ra1 e5 38. dxe5 Bxe5 39. Bb4 Bb8 40. Rd1+ Kc6 41. Rd8 Be5 42. Ke2 Rd7 43. Rxd7 Kxd7 44. g4 Ke6 45. Ke3 Kd5 46. f4 Bc7 47. f5 g6 48. fxg6 fxg6 49. Kf3 Be5 50. Ke3 h5 51. gxh5 gxh5 52. Kf3 Bc7 53. Ke3 Ke5 54. Kf3 Kf5 55. Bc5 Ba5 56. Bd4 Bc7 57. Bc5 Be5 58. Bb4 Bf6 59. Ba5 Be7 60. Bb6 Ba3 61. Bd4 Bb2 62. Ke3 Kg5 63. Kf3 Kf5 64. Ke3 Ba1 65. Kf3 b4 66. Ke3 b3 67. cxb3 cxb3 68. Kd3 Kf4 69. Bb6 Kg3 70. c4 Be5 71. c5 Kxh3 72. c6 b2 73. Kc2 Kg2 74. c7 Bxc7 75. Bxc7 h4 76. Kxb2 h3 77. Kc3 h2 78. Bxh2 1/2-1/2


[Site "https://www.chess.com"]

[Event "Titled Tuesday Blitz August 16 Early 2022"]
[White "Tica, Sven"]
[Black "Andreikin, Dmitry"]
[WhiteFideId "14526948"]
[BlackFideId "4158814"]
[WhiteElo "2350"]
[BlackElo "2736"]
[Result "0-1"]
[Round "02"]
[TimeControl "180+1"]
[Date "2022.08.16"]
[WhiteClock "0:00:13"]
[BlackClock "0:00:14"]

1. e4 c5 2. Nc3 e6 3. f4 d5 4. Nf3 Nc6 5. Bb5 Ne7 6. exd5 exd5 7. Qe2 Bg4 8. h3 Bxf3 9. Qxf3 Qb6 10. Bxc6+ Qxc6 11. d3 d4 12. Qxc6+ Nxc6 13. Ne4 f5 14. Ng5 Be7 15. Nf3 Nb4 16. Kd1 Bd6 17. Re1+ Kd7 18. Bd2 Nd5 19. g3 Rae8 20. c4 dxc3 21. bxc3 b5 22. Kc2 a5 23. c4 bxc4 24. dxc4 Nb4+ 25. Bxb4 cxb4 26. Rad1 Rxe1 27. Rxe1 Rc8 28. Kb3 Kc6 29. Nd4+ Kc5 30. Nb5 Bb8 31. Rd1 g6 32. a3 bxa3 33. Rd5+ Kb6 34. Nxa3 Re8 35. Ka4 Re3 36. Rb5+ Kc7 37. Rxa5 Rxg3 38. Nb5+ Kb7 39. Kb4 Rxh3 40. Ra2 Bxf4 41. Ra7+ Kb8 42. Rg7 Be3 43. Nd6 Rh1 44. Kb5 Rb1+ 45. Kc6 Rb6+ 46. Kd5 Ra6 47. Rxh7 f4 48. Rg7 f3 49. Rxg6 f2 50. Rf6 Ra1 51. Rf8+ Ka7 52. c5 f1=Q 53. Nb5+ Ka6 54. Nc7+ Kb7 55. Rxf1 Rxf1 0-1


[Site "https://www.chess.com"]

[Event "Titled Tuesday Blitz August 16 Early 2022"]
[White "Timofeev, Artyom"]
[Black "Vachylia, Andrii"]
[WhiteFideId "4140419"]
[BlackFideId "14137224"]
[WhiteElo "2578"]
[BlackElo "2318"]
[Result "0-1"]
[Round "02"]
[TimeControl "180+1"]
[Date "2022.08.16"]
[WhiteClock "0:00:02"]
[BlackClock "0:00:06"]

1. e4 c5 2. Nc3 d6 3. Nf3 Nf6 4. Bc4 e6 5. O-O Be7 6. Re1 O-O 7. d3 Nc6 8. Bb3 a6 9. Bf4 b5 10. a4 b4 11. Ne2 d5 12. Ng3 Bb7 13. Bg5 h6 14. Bf4 Na5 15. Qe2 Rc8 16. exd5 Nxb3 17. cxb3 Bxd5 18. Nd2 Bd6 19. Be5 Bxe5 20. Qxe5 Nd7 21. Qe3 Qf6 22. Rab1 Rfd8 23. Nge4 Qe7 24. Nc4 Nb8 25. Nb6 Rc6 26. Nc4 Rcc8 27. Rbc1 Qc7 28. a5 Bxc4 29. Rxc4 Nd7 30. d4 cxd4 31. Qxd4 Qe5 32. Rxc8 Qxd4 33. Rxd8+ Kh7 34. h3 Qd5 35. h4 Kg6 36. Ng3 Qc6 37. h5+ Kh7 38. Rd1 Nf6 39. Rb8 Qc5 40. Ra8 Qxa5 41. Rdd8 g5 42. hxg6+ Kxg6 43. Rd1 Qa2 44. Nf1 Qxb3 45. Ne3 Nd5 46. Re1 Nf6 47. Rxa6 Qxb2 48. Rb6 b3 49. Nc4 Qc3 50. Ne5+ Kg7 51. Nf3 Nd5 52. Rb7 Nb4 53. Rb1 b2 54. Kh2 Nd3 55. Rd1 Nxf2 56. Rdd7 Qf6 57. Rd2 Ng4+ 58. Kg1 Qc3 59. Rdxb2 Qc1+ 60. Ne1 Qxe1# 0-1


[Site "https://www.chess.com"]

[Event "Titled Tuesday Blitz August 16 Early 2022"]
[White "Tristan, Leonardo"]
[Black "Kambrath, Yannick"]
[WhiteFideId "113816"]
[BlackFideId "20632525"]
[WhiteElo "2404"]
[BlackElo "2236"]
[Result "1-0"]
[Round "02"]
[TimeControl "180+1"]
[Date "2022.08.16"]
[WhiteClock "0:00:45"]
[BlackClock "0:00:03"]

1. d4 d5 2. Nf3 Nf6 3. Bf4 c5 4. e3 Nc6 5. Nbd2 Bg4 6. c3 e6 7. Qb3 Qc8 8. Nh4 h6 9. h3 Bh5 10. g4 g5 11. Bg3 gxh4 12. Bxh4 Nxg4 13. hxg4 Bxg4 14. dxc5 Bxc5 15. Qa4 Bf5 16. Bf6 Rh7 17. Qf4 h5 18. e4 Bg6 19. exd5 exd5 20. Bh3 Qb8 21. Qf3 Be7 22. O-O-O Kf8 23. Nb3 Bxf6 24. Qxf6 Qe5 25. Qxe5 Nxe5 26. Nc5 b6 27. Rxd5 Re8 28. Rxe5 bxc5 29. Rhe1 Rxe5 30. Rxe5 c4 31. Rc5 Bd3 32. Rc8+ Kg7 33. Rc7 Rh6 34. Kd2 Re6 35. b3 Re2+ 36. Kd1 Rxf2 37. bxc4 Rxa2 38. c5 Kf6 39. c6 Bc2+ 40. Ke1 Be4 41. Bd7 Rc2 42. Rxa7 Rxc3 43. c7 Bf5 44. Ra6+ Ke7 45. Bxf5 Rxc7 46. Kf2 Rc3 47. Be4 Kf8 48. Ra7 Kg7 49. Bd5 Kg6 50. Bxf7+ Kg5 51. Ra5+ Kf6 52. Bxh5 Rc2+ 53. Ke3 Rc3+ 54. Kd4 Rc6 55. Bf3 Re6 56. Bg4 Re1 57. Rf5+ Kg6 58. Rf2 Kg5 59. Be2 Ra1 60. Bd3 Ra4+ 61. Bc4 Ra1 62. Bd5 Ra4+ 63. Ke5 Rb4 64. Rg2+ Rg4 65. Rh2 Rg1 66. Ke4 Re1+ 67. Kd4 Rd1+ 68. Ke5 Re1+ 69. Be4 Rg1 70. Rh8 Ra1 71. Rg8+ Kh6 72. Bf5 1-0


[Site "https://www.chess.com"]

[Event "Titled Tuesday Blitz August 16 Early 2022"]
[White "Turayev, Shahruh"]
[Black "Le, Tuan Minh"]
[WhiteFideId "14003856"]
[BlackFideId "12401153"]
[WhiteElo "2619"]
[BlackElo "2530"]
[Result "0-1"]
[Round "02"]
[TimeControl "180+1"]
[Date "2022.08.16"]
[WhiteClock "0:00:11"]
[BlackClock "0:00:17"]

1. e4 c5 2. Nc3 Nc6 3. Bb5 Nd4 4. Bc4 e6 5. Nge2 Nf6 6. O-O a6 7. a4 Qc7 8. d3 Be7 9. f4 d6 10. Nxd4 cxd4 11. Ne2 Nxe4 12. dxe4 Qxc4 13. Nxd4 O-O 14. f5 e5 15. Ne2 Qxe4 16. Ng3 Qh4 17. Qd5 Bd7 18. Qxb7 Qd4+ 19. Kh1 Rfd8 20. c3 Qc4 21. Qf3 Bc6 22. Qf2 f6 23. Be3 Bxa4 24. Nh5 Be8 25. Qf3 Bf8 26. Rae1 Rab8 27. Ba7 Rxb2 28. Re4 Qf7 29. Rh4 Qxa7 30. Qg3 Qf7 31. h3 a5 32. Ra1 a4 33. c4 Bc6 34. Rg1 Ra8 35. Qa3 Rb3 36. Qa1 a3 37. Rg4 Rxh3# 0-1


[Site "https://www.chess.com"]

[Event "Titled Tuesday Blitz August 16 Early 2022"]
[White "Urbina Perez, Juan Antonio"]
[Black "Nugumanov, Bakhtiyar"]
[WhiteFideId "2217368"]
[BlackFideId "13701797"]
[WhiteElo "2192"]
[BlackElo "2287"]
[Result "1/2-1/2"]
[Round "02"]
[TimeControl "180+2"]
[Date "2022.08.18"]
[WhiteClock "0:00:00"]
[BlackClock "0:00:00"]

1. Nf3 d5 2. e3 e6 3. b3 Nf6 4. Be2 Be7 5. Ba3 O-O 6. Bxe7 Qxe7 7. O-O c5 8. c4 Nc6 9. cxd5 exd5 10. d4 Bg4 11. Nc3 Rfd8 12. h3 Bxf3 13. Bxf3 cxd4 14. exd4 Qb4 15. Rc1 Nxd4 16. Qd3 Nxf3+ 17. Qxf3 Rac8 18. Nxd5 Nxd5 19. Rxc8 Rxc8 20. Qxd5 h6 21. Qd3 Qc3 22. Qxc3 Rxc3 23. Rd1 Rc2 24. Rd8+ Kh7 25. Rd7 Rxa2 26. Rxf7 b6 27. Rb7 Ra3 28. Kh2 Rxb3 29. Rxa7 Rb2 30. Kg3 Rb3+ 31. f3 Rb2 32. Rb7 b5 33. h4 Kg6 34. Rb6+ Kf5 35. Kh3 h5 36. Rb7 Kg6 37. Rb6+ Kf5 38. Kg3 Rb4 39. Rb8 Rb2 40. Rf8+ Kg6 41. Rc8 Rb4 42. Rc5 Rb2 43. Rg5+ Kh6 44. Kf4 Rb4+ 45. Kf5 Rxh4 46. Rg6+ Kh7 47. Rb6 Rb4 48. g3 Ra4 49. Rxb5 g6+ 50. Kg5 Ra7 51. f4 Rf7 52. Rc5 Kg7 53. Rd5 Kg8 54. Kh6 h4 55. Rd8+ Rf8 56. Rxf8+ Kxf8 57. gxh4 Kf7 58. Kg5 Kg7 59. h5 gxh5 60. Kxh5 Kf6 61. Kg4 Kg6 62. Kf3 Kf6 63. Ke4 Ke6 64. Ke3 Kf6 65. Kf3 Kf5 66. Kg3 Kf6 67. Kg4 Kg6 68. f5+ Kf6 69. Kf4 Kf7 70. Kg5 Kg7 71. f6+ Kf7 72. Kf5 Kf8 73. Ke6 Ke8 74. Ke5 Kf7 75. Kf5 Kf8 76. Kg6 Kg8 77. Kg5 Kf8 78. Kf5 Kf7 79. Ke5 Kf8 80. Kf5 Kf7 81. Kg5 Kf8 82. Kg6 Kg8 83. f7+ Kf8 84. Kf6 1/2-1/2


[Site "https://www.chess.com"]

[Event "Titled Tuesday Blitz August 16 Early 2022"]
[White "Veiga, Jose Francisco R P Neves"]
[Black "Fernandez Hernandez, Gerardo"]
[WhiteFideId "1930087"]
[BlackFideId "2207400"]
[WhiteElo "2273"]
[BlackElo "2169"]
[Result "1-0"]
[Round "02"]
[TimeControl "180+2"]
[Date "2022.08.18"]
[WhiteClock "0:00:00"]
[BlackClock "0:00:00"]

1. e4 e6 2. d4 d5 3. Nc3 Nc6 4. Nf3 Nf6 5. e5 Ne4 6. Bd3 Bb4 7. Bd2 Nxd2 8. Qxd2 f6 9. O-O fxe5 10. Nxe5 Nxe5 11. dxe5 d4 12. Qf4 Bxc3 13. bxc3 dxc3 14. Rad1 Qe7 15. Bb5+ c6 16. Bc4 Rf8 17. Qg3 Kf7 18. Qxc3 Kg8 19. Rd6 Rd8 20. Rfd1 Rxd6 21. Rxd6 Bd7 22. Qb3 b5 23. Rxd7 bxc4 24. Qb7 Rd8 25. Rxd8+ Qxd8 26. h3 Qd1+ 27. Kh2 Qxc2 28. Qxc6 Qd3 29. Qe8# 1-0


[Site "https://www.chess.com"]

[Event "Titled Tuesday Blitz August 16 Early 2022"]
[White "Vidonyak, Roman"]
[Black "Postnikov, Daniil"]
[WhiteFideId "14100622"]
[BlackFideId "4166329"]
[WhiteElo "2442"]
[BlackElo "2261"]
[Result "0-1"]
[Round "02"]
[TimeControl "180+2"]
[Date "2022.08.18"]
[WhiteClock "0:00:00"]
[BlackClock "0:00:00"]

1. d4 Nf6 2. c4 g6 3. h4 Bg7 4. Nc3 d5 5. h5 O-O 6. hxg6 hxg6 7. Nf3 dxc4 8. Bh6 c5 9. Qd2 Ng4 10. Bxg7 Kxg7 11. e4 cxd4 12. Nxd4 e5 13. Nf3 Qxd2+ 14. Nxd2 Rd8 15. Bxc4 Nxf2 16. Rf1 Nd3+ 17. Bxd3 Rxd3 18. Ke2 Rd8 19. Nc4 Nc6 20. Nd5 Be6 21. Nce3 Rac8 22. Rac1 Nd4+ 23. Kf2 f5 24. Rxc8 Rxc8 25. exf5 gxf5 26. Nc3 f4 27. Ned1 Bg4 28. Re1 Bxd1 29. Rxd1 Rh8 30. Re1 Rh5 31. Ne4 b6 32. Nd6 Kf6 33. Nc8 Rh2 34. Kg1 Rh7 35. Nd6 Ke6 36. Nc4 Rh5 37. b3 Rg5 38. Kf2 Kd5 39. Re4 Kxe4 0-1


[Site "https://www.chess.com"]

[Event "Titled Tuesday Blitz August 16 Early 2022"]
[White "Vlassov, Nikolai"]
[Black "Oparin, Grigoriy"]
[WhiteFideId "4103360"]
[BlackFideId "24125890"]
[WhiteElo "2324"]
[BlackElo "2639"]
[Result "1/2-1/2"]
[Round "02"]
[TimeControl "180+1"]
[Date "2022.08.16"]
[WhiteClock "0:00:13"]
[BlackClock "0:00:12"]

1. e4 Nf6 2. e5 Nd5 3. c4 Nb6 4. d4 d6 5. exd6 cxd6 6. Nc3 Bf5 7. a4 e6 8. a5 N6d7 9. Nf3 Be7 10. Bd3 Bxd3 11. Qxd3 O-O 12. O-O Na6 13. Bd2 Nb4 14. Qe2 Rc8 15. b3 Nf6 16. Nb5 Nc6 17. a6 Qb6 18. axb7 Qxb7 19. Bf4 Rfd8 20. Rfb1 a6 21. Nc3 Nb4 22. Bd2 Rb8 23. Ra4 Rdc8 24. Rxb4 Qxb4 25. Nb5 Rxb5 26. Bxb4 Rxb4 27. Nd2 d5 28. c5 Rxd4 29. b4 Ra8 30. Nf3 Re4 31. Qd3 Ne8 32. g3 Nc7 33. Nd4 Bf6 34. Nc6 g6 35. h4 h5 36. Rc1 Kg7 37. f3 Rc4 38. Rxc4 dxc4 39. Qxc4 Nd5 40. g4 hxg4 41. Qxg4 Rh8 42. Qc4 Rxh4 43. Qxa6 Nxb4 44. Nxb4 Rxb4 45. c6 Rb1+ 46. Kf2 Rc1 47. Qb5 g5 48. Ke3 Rc3+ 49. Ke4 Kg6 50. f4 gxf4 51. Kxf4 Kg7 52. Ke4 Kg6 53. Kf4 Kg7 54. Qb7 Rc4+ 55. Ke3 Be5 56. Qb5 Rc3+ 57. Kd2 Kf6 58. Qb6 Kf5 59. Qf2+ Ke4 60. Qxf7 Rxc6 61. Qb7 Kd5 62. Qb5+ Kd6 63. Qb8+ Kd5 64. Qb5+ Rc5 65. Qb7+ Kd4 66. Qb6 Kd5 67. Qb7+ Kd6 68. Qb8+ Ke7 69. Qb4 Bd6 70. Qh4+ Kd7 71. Qh7+ Kc6 72. Qa7 e5 73. Kd3 Rd5+ 74. Ke2 Rd4 75. Qa8+ Kc5 76. Qa7+ Kd5 77. Qb7+ Ke6 78. Qb3+ Kf6 79. Qf3+ Ke7 80. Qb7+ Ke6 81. Qb3+ Kf6 82. Qf3+ Rf4 83. Qc6 Ke7 84. Qb7+ Ke6 85. Qb3+ Kf5 86. Qf7+ Ke4 87. Qc4+ Kf5 88. Qf7+ Ke4 89. Qc4+ Kf5 90. Qf7+ 1/2-1/2


[Site "https://www.chess.com"]

[Event "Titled Tuesday Blitz August 16 Early 2022"]
[White "Volkov, Maksim"]
[Black "Goldin, Roman"]
[WhiteFideId "54123070"]
[BlackFideId "2803860"]
[WhiteElo "2155"]
[BlackElo "2312"]
[Result "1-0"]
[Round "02"]
[TimeControl "180+2"]
[Date "2022.08.18"]
[WhiteClock "0:00:00"]
[BlackClock "0:00:00"]

1. d4 Nf6 2. c4 Nc6 3. Nc3 e5 4. Nf3 exd4 5. Nxd4 Bb4 6. Qd3 O-O 7. a3 Ne5 8. Qg3 Bxc3+ 9. Qxc3 Re8 10. e3 Ne4 11. Qc2 Nc6 12. Be2 Nxd4 13. exd4 d6 14. O-O Bf5 15. Bd3 Bg6 16. Be3 Qh4 17. Rae1 Nf6 18. f3 d5 19. Bf2 Qh5 20. c5 c6 21. b4 a6 22. a4 Qg5 23. Bxg6 Qxg6 24. Qb3 h6 25. b5 axb5 26. axb5 Rxe1 27. Rxe1 Qf5 28. h3 Qf4 29. bxc6 bxc6 30. Qb7 Ra2 31. Qxc6 Rxf2 32. Kxf2 Qxd4+ 33. Kf1 Qd3+ 34. Kg1 Nh5 35. Qe8+ Kh7 36. Qxf7 Qd4+ 37. Kh2 Nf4 38. Qf5+ Ng6 39. Re6 Qf4+ 40. Qxf4 Nxf4 41. Rd6 Kg8 42. c6 1-0


[Site "https://www.chess.com"]

[Event "Titled Tuesday Blitz August 16 Early 2022"]
[White "Vrbljanac, Aleksandar"]
[Black "Pakleza, Zbigniew"]
[WhiteFideId "932817"]
[BlackFideId "1119290"]
[WhiteElo "2309"]
[BlackElo "2411"]
[Result "1-0"]
[Round "02"]
[TimeControl "180+1"]
[Date "2022.08.16"]
[WhiteClock "0:00:06"]
[BlackClock "0:00:03"]

1. e4 d6 2. d4 Nf6 3. Nc3 c6 4. h3 b5 5. a3 e5 6. Nf3 Nbd7 7. Be3 Be7 8. Qd2 Bb7 9. Be2 O-O 10. O-O-O a5 11. Bd3 b4 12. Nb1 exd4 13. Nxd4 c5 14. Nf5 Ne5 15. f4 Nxd3+ 16. cxd3 Re8 17. g4 Bf8 18. g5 Nxe4 19. dxe4 Bxe4 20. Ng3 Bxh1 21. Rxh1 d5 22. f5 d4 23. Bf4 c4 24. f6 c3 25. Qd3 cxb2+ 26. Kxb2 bxa3+ 27. Ka1 g6 28. h4 Rc8 29. h5 Qb6 30. Rh2 Re1 31. hxg6 hxg6 32. Nf5 gxf5 33. Qxf5 Rxb1+ 34. Qxb1 Qxb1+ 35. Kxb1 Bb4 36. Be5 Bc3 37. g6 fxg6 38. Rg2 Kf7 39. Rh2 Rc5 40. Rh7+ Ke6 41. Re7+ Kf5 42. f7 Rb5+ 43. Kc2 Rb2+ 44. Kd3 a2 45. f8=Q+ Kg4 46. Qf4+ Kh3 47. Qg3# 1-0


[Site "https://www.chess.com"]

[Event "Titled Tuesday Blitz August 16 Early 2022"]
[White "Vusatiuk, Vladimir"]
[Black "Fawzy, Adham"]
[WhiteFideId "14118610"]
[BlackFideId "10613129"]
[WhiteElo "2157"]
[BlackElo "2541"]
[Result "0-1"]
[Round "02"]
[TimeControl "180+2"]
[Date "2022.08.18"]
[WhiteClock "0:00:00"]
[BlackClock "0:00:00"]

1. d4 Nf6 2. c4 g6 3. Nc3 d5 4. cxd5 Nxd5 5. e4 Nxc3 6. bxc3 Bg7 7. Bc4 c5 8. Ne2 Nc6 9. Be3 O-O 10. O-O Bg4 11. f3 Na5 12. Bb5 Bd7 13. Qa4 Bxb5 14. Qxb5 cxd4 15. cxd4 a6 16. Qd3 b5 17. a4 Nc4 18. axb5 axb5 19. Bf2 Qd7 20. Rfb1 Rab8 21. Nc3 Rfc8 22. Rb3 b4 23. Nd5 e6 24. Nxb4 Ne5 25. dxe5 Qxd3 26. Rxd3 Rxb4 27. Bg3 h5 28. Rd2 Rb5 29. Ra7 Bh6 30. f4 Rb4 31. Rdd7 Rb2 32. h3 Rcc2 33. Kh1 Rxg2 34. Rxf7 Rxg3 35. Rf6 Rxh3+ 36. Kg1 Rg3+ 37. Kh1 Rb8 38. Ra6 Rf8 39. Raxe6 Rxf6 40. Rxf6 Bg7 41. Ra6 Rg4 42. e6 Bf8 43. f5 g5 44. f6 Rxe4 45. e7 Bxe7 46. fxe7 Rxe7 47. Rh6 h4 48. Rg6+ Rg7 49. Ra6 Kh7 50. Kh2 Rg6 51. Ra7+ Kh6 52. Ra8 Kh5 53. Rh8+ Kg4 54. Ra8 Rf6 55. Kg2 Rf4 56. Rg8 Re4 57. Kf2 Ra4 58. Rg7 Ra2+ 59. Kg1 h3 60. Kh1 Kh4 61. Rg8 g4 62. Rb8 Ra1+ 63. Rb1 Rxb1+ 0-1


[Site "https://www.chess.com"]

[Event "Titled Tuesday Blitz August 16 Early 2022"]
[White "Vysochin, Spartak"]
[Black "Fiorito, Joaquin"]
[WhiteFideId "14103516"]
[BlackFideId "180173"]
[WhiteElo "2355"]
[BlackElo "1758"]
[Result "0-1"]
[Round "02"]
[TimeControl "180+2"]
[Date "2022.08.18"]
[WhiteClock "0:00:00"]
[BlackClock "0:00:00"]

1. d4 d5 2. Nf3 Nf6 3. g3 Bf5 4. Bg2 e6 5. O-O Be7 6. c4 c6 7. Nc3 O-O 8. Ne5 Nbd7 9. b3 Bd6 10. Nxd7 Qxd7 11. cxd5 exd5 12. Bg5 Bb4 13. Rc1 Ba3 14. Bxf6 gxf6 15. Rb1 Bxb1 16. Qxb1 Rfe8 17. e3 Kh8 18. Ne2 Bd6 19. Qd3 a5 20. h4 a4 21. Kh2 Qe6 22. Nc3 axb3 23. axb3 Qg4 24. Bh3 Qxh4 25. Kg2 Qg5 26. Rh1 h6 27. Bg4 Qxg4 28. Rxh6+ Kg7 29. Qh7+ Kf8 30. Rxf6 Qg7 31. Qxg7+ Kxg7 32. Rxd6 Ra3 33. Rd7 Rxb3 34. Na4 Rb4 35. Nc5 b5 36. Nd3 Rb3 37. Ne5 Rc3 38. Rxf7+ Kg8 39. Rc7 b4 40. Rb7 b3 41. g4 Ra8 42. Kf3 Ra2 43. g5 Rcc2 44. Ng4 b2 45. g6 Kh8 46. g7+ Kh7 47. Nf6+ Kh6 48. Ng4+ Kh7 49. Kg3 Ra8 50. Nf6+ Kh6 51. g8=Q Rxg8+ 52. Nxg8+ Kg6 53. Ne7+ Kf6 54. Nc8 Ke6 55. Nb6 b1=Q 56. Rh7 Qg1+ 57. Kf4 Qxf2+ 58. Kg5 Qxe3+ 59. Kg6 Qe4+ 60. Kg7 Rg2+ 61. Kh8 Qxh7+ 62. Kxh7 Rg4 63. Nc8 Rxd4 64. Kg6 Rg4+ 65. Kh7 Rg1 66. Nb6 d4 67. Nc4 Kd5 68. Nb2 c5 69. Kh6 c4 70. Kh5 c3 71. Nd3 c2 72. Kh4 Kc4 0-1


[Site "https://www.chess.com"]

[Event "Titled Tuesday Blitz August 16 Early 2022"]
[White "Wagner, Dennis"]
[Black "Manukian, Artak"]
[WhiteFideId "24650684"]
[BlackFideId "13301373"]
[WhiteElo "2355"]
[BlackElo "2196"]
[Result "1-0"]
[Round "02"]
[TimeControl "180+2"]
[Date "2022.08.18"]
[WhiteClock "0:00:00"]
[BlackClock "0:00:00"]

1. Nf3 c6 2. g3 d5 3. Bg2 Nf6 4. O-O Bf5 5. d3 Qc8 6. c4 Bh3 7. cxd5 Bxg2 8. Kxg2 cxd5 9. Nc3 Nc6 10. Bf4 a6 11. Rc1 e6 12. Na4 Qd8 13. Qb3 Ra7 14. Nb6 Bd6 15. Bxd6 Qxd6 16. Nc8 Qb8 17. Rxc6 Ra8 18. Nd6+ Kd7 19. Ne5+ 1-0


[Site "https://www.chess.com"]

[Event "Titled Tuesday Blitz August 16 Early 2022"]
[White "Weetik, Vjacheslav"]
[Black "Schrik, Rachid"]
[WhiteFideId "4153472"]
[BlackFideId "1009818"]
[WhiteElo "2469"]
[BlackElo "2070"]
[Result "1-0"]
[Round "02"]
[TimeControl "180+2"]
[Date "2022.08.18"]
[WhiteClock "0:00:00"]
[BlackClock "0:00:00"]

1. d4 Nf6 2. c4 e6 3. g3 d5 4. Nf3 dxc4 5. Bg2 c5 6. O-O Nc6 7. dxc5 Qxd1 8. Rxd1 Bxc5 9. Nbd2 c3 10. bxc3 O-O 11. Nb3 Be7 12. c4 Bd7 13. Be3 Rad8 14. Nfd4 Nxd4 15. Bxd4 b6 16. c5 bxc5 17. Bxc5 Bxc5 18. Nxc5 Bb5 19. Kf1 Nd5 20. Bxd5 Rxd5 21. Rxd5 exd5 22. Rb1 Bc4 23. a4 Re8 24. Rb2 Kf8 25. Ke1 Ke7 26. e3 Kd6 27. Nb7+ Kc6 28. Na5+ Kc5 29. Kd2 Re7 30. Rb8 f5 31. Kc3 g5 32. Rc8+ Kb6 33. Kb4 f4 34. Rc6# 1-0


[Site "https://www.chess.com"]

[Event "Titled Tuesday Blitz August 16 Early 2022"]
[White "Wernberg, Hugo"]
[Black "Malka, Samuel"]
[WhiteFideId "1737511"]
[BlackFideId "20643675"]
[WhiteElo "1962"]
[BlackElo "2185"]
[Result "0-1"]
[Round "02"]
[TimeControl "180+2"]
[Date "2022.08.18"]
[WhiteClock "0:00:00"]
[BlackClock "0:00:00"]

1. d4 Nf6 2. Nf3 g6 3. g3 Bg7 4. Bg2 O-O 5. O-O d6 6. c4 Nc6 7. Nc3 e5 8. d5 Nb8 9. e4 a5 10. h3 Na6 11. Bg5 Qe8 12. Qc1 Nc5 13. Ne1 h5 14. Bh6 Nh7 15. Bxg7 Kxg7 16. f4 f5 17. fxe5 Qxe5 18. Qf4 Qxf4 19. Rxf4 Ng5 20. h4 Nf7 21. Bh3 Ne5 22. exf5 Bxf5 23. Bxf5 Rxf5 24. Rxf5 gxf5 25. b3 Kf6 26. Kh2 Rg8 27. Rd1 Rg4 28. Ne2 Ne4 29. Nf4 Nxg3 30. Neg2 Ng6 31. Nxg6 Kxg6 32. Kh3 f4 0-1


[Site "https://www.chess.com"]

[Event "Titled Tuesday Blitz August 16 Early 2022"]
[White "Winkels, Marcel"]
[Black "Papayan, Oleg"]
[WhiteFideId "1003887"]
[BlackFideId "4193911"]
[WhiteElo "1900"]
[BlackElo "2038"]
[Result "0-1"]
[Round "02"]
[TimeControl "180+2"]
[Date "2022.08.18"]
[WhiteClock "0:00:00"]
[BlackClock "0:00:00"]

1. e4 e5 2. Nf3 Nc6 3. Bc4 Bc5 4. c3 Nf6 5. d4 exd4 6. b4 Bb6 7. e5 d5 8. exf6 dxc4 9. b5 Na5 10. Qe2+ Be6 11. fxg7 Rg8 12. O-O d3 13. Qe4 Qf6 14. Bg5 Qxg7 15. Nbd2 h6 16. h4 hxg5 17. hxg5 O-O-O 18. Qf4 Rh8 19. Rfe1 Qh7 20. Nh2 c6 21. bxc6 Bc7 0-1


[Site "https://www.chess.com"]